 Dungeon Crawl Stone Soup version 0.23.2-40-g277498a001 (webtiles) character file.

Game seed: 13693694414455182498

324 KrisU the Conjurer (level 6, 0/47 HPs)
             Began as a Draconian Conjurer on Sept 28, 2019.
             Was an Initiate of Qazlal.
             Slain by an ogre
             ... wielding a +0 giant club
              (9 damage)
             ... on level 4 of the Dungeon on Oct 1, 2019.
             The game lasted 00:43:27 (4563 turns).

KrisU the Conjurer (Draconian Conjurer)             Turns: 4563, Time: 00:43:28

Health: 0/47       AC:  8    Str: 11    XL:     6   Next: 23%
Magic:  10/11      EV: 12    Int: 17    God:    Qazlal [......]
Gold:   212        SH:  0    Dex: 11    Spells: 11/12 levels left

rFire    . . .     SeeInvis .   a - +0 short sword
rCold    . . .     Gourm    .   (no shield)
rNeg     . . .     Faith    .   (armour unavailable)
rPois    .         Spirit   .   (helmet restricted)
rElec    .         Reflect  .   c - +1 cloak
rCorr    .         Harm     .   (no gloves)
MR       .....                  (no boots)
Stlth    ++........             r - amulet of magic regeneration
HPRegen  0.15/turn              (no ring)
MPRegen  0.37/turn              (no ring)

@: no status effects
A: unfitting armour, cold-blooded, AC +6
a: Renounce Religion


You were on level 4 of the Dungeon.
You worshipped Qazlal.
Qazlal was noncommittal.
You were not hungry.

You visited 1 branch of the dungeon, and saw 4 of its levels.

You collected 212 gold pieces.

Inventory:

Hand Weapons
 a - a +0 short sword (weapon)
 m - a +0 blowgun
Missiles
 i - 5 javelins (quivered)
 n - 30 poisoned needles
Armour
 c - a +1 cloak (worn)
Jewellery
 r - an amulet of magic regeneration (around neck)
Scrolls
 d - 4 scrolls of identify {unknown}
 f - 2 scrolls of teleportation {unknown}
 h - 2 scrolls of fog {unknown}
 j - 2 scrolls of enchant weapon {unknown}
 k - 4 scrolls of remove curse
 l - 2 scrolls of fear {unknown}
 o - a scroll of blinking {unknown}
Potions
 e - a potion of degeneration {unknown}
 g - a potion of haste {unknown}
 q - 2 potions of berserk rage {unknown}
 s - a potion of curing {unknown}
 t - a potion of magic {unknown}
Comestibles
 b - 2 rations


   Skills:
 + Level 1.2 Fighting
 * Level 2.7 Short Blades
 + Level 0.3 Throwing
 + Level 2.2 Dodging
 - Level 1.7 Stealth
 + Level 3.8 Spellcasting
 + Level 5.3 Conjurations


You had 11 spell levels left.
You knew the following spells:

 Your Spells              Type           Power        Failure   Level  Hunger
a - Magic Dart            Conj           ###.         1%          1    None

Your spell library contained the following spells:

 Spells                   Type           Power        Failure   Level  Hunger
 Searing Ray              Conj           ###...       2%          2    ##.....
 Dazzling Spray           Conj/Hex       ##....       16%         3    ###....
 Iskenderun's Mystic Bla  Conj           ###.....     19%         4    ####...
 Force Lance              Conj/Tloc      ##......     47%         4    ####...
 Fulminant Prism          Conj/Hex       ##........   47%         4    ####...


Dungeon Overview and Level Annotations

Branches:
Dungeon (4/15)
 Temple: D:4-7

Altars:
Gozag
Qazlal


Innate Abilities, Weirdness & Mutations

Your plain brown scales are hard. (AC +6)
You cannot fit into any form of body armour.
You are cold-blooded and may be slowed by cold attacks.


Message History

Confirm with . or Enter, or press ? or * to list all spells.
Aiming: Magic Dart (safe; 1% risk of failure)
Press: ? - help, Shift-Dir - straight line, f/p - ogre
Aim: an ogre, wielding a +0 giant club (lightly wounded)
The magic dart hits the ogre.
The ogre is moderately wounded.
Casting: Magic Dart (safe; 1% risk of failure)
Confirm with . or Enter, or press ? or * to list all spells.
Aiming: Magic Dart (safe; 1% risk of failure)
Press: ? - help, Shift-Dir - straight line, f/p - ogre
Aim: an ogre, wielding a +0 giant club (moderately wounded)
The magic dart hits the ogre.
The ogre is heavily wounded.
The ogre hits you with a +0 giant club!
* * * LOW HITPOINT WARNING * * *
An ogre is nearby!
As you read the scroll labeled AVUHIA DAACKOL, it crumbles to dust.
You feel blessed for a moment.
It was a scroll of remove curse.
The ogre hits you with a +0 giant club!
You die...

##.#####.## ##....
##..##..# ##...
##....## ##..
##...## ##...
##....######....
#####........##.....
#......#............
##....##..#........#
##@O###..........##
##...##....###....#
#........### #....#
##......## #.....
##.....# #.###.
#.....## #.# #.
##.....# ##.# ##
#...#.####..# #
##..###.......## #


You could see an ogre.

Vanquished Creatures
  A scorpion (D:3)
  2 hounds (D:4)
  2 worker ants (D:4)
  4 adders
  4 gnolls
  An ooze (D:3)
  An adder skeleton (D:4)
  2 worms
  3 dart slugs
  3 leopard geckos
  2 orcs
  7 bats
  2 giant cockroaches (D:2)
  10 goblins
  3 hobgoblins
  2 jackals (D:4)
  9 kobolds
  2 quokkas
  A ball python (D:1)
  6 frilled lizards
  A leopard gecko skeleton (D:4)
  A quokka skeleton (D:4)
  11 rats
80 creatures vanquished.

Notes
Turn   | Place    | Note
-------+----------+-------------------------------------------
     0 | D:1      | KrisU the Draconian Conjurer began the quest for the Orb.
     0 | D:1      | Reached XP level 1. HP: 14/14 MP: 3/3
   325 | D:1      | Reached XP level 2. HP: 20/20 MP: 0/5
  1017 | D:2      | Reached XP level 3. HP: 26/26 MP: 3/6
  1410 | D:1      | Reached skill level 1 in Short Blades
  1802 | D:1      | Reached XP level 4. HP: 6/34 MP: 3/7
  2685 | D:3      | Found a stormy altar of Qazlal.
  2696 | D:3      | Became a worshipper of Qazlal Stormbringer
  2759 | D:3      | Reached skill level 1 in Fighting
  3219 | D:3      | Found an opulent altar of Gozag.
  3227 | D:3      | Reached XP level 5. HP: 40/40 MP: 4/9
  3347 | D:3      | Reached skill level 5 in Conjurations
  4072 | D:4      | Reached XP level 6. HP: 45/47 MP: 8/11
  4209 | D:4      | Reached * piety under Qazlal
  4563 | D:4      | Slain by an ogre

Skill      XL: |  1  2  3  4  5 |
---------------+----------------+-----
Dodging        | 2 |  2.2
Short Blades   | 1 2 |  2.7
Fighting       | 1 |  1.2
Spellcasting   | 3 |  3.8
Conjurations   | 5 |  5.3
Throwing       | |  0.3
Stealth        | |  1.7

Action                   |  1- 3 |  4- 6 || total
-------------------------+-------+-------++-------
Melee: Short sword       |    35 |    41 ||    76
       Tailslap          |     1 |     3 ||     4
Throw: Javelin           |     5 |       ||     5
 Cast: Magic Dart        |    70 |   139 ||   209
  Use: Scroll            |       |     1 ||     1
 Stab: Sleeping          |       |     1 ||     1
  Eat: Chunk             |     3 |     6 ||     9
       Ration            |       |     1 ||     1
Armor: Skin              |    19 |    48 ||    67
Dodge: Dodged            |    49 |    61 ||   110
